 Dungeon Crawl Stone Soup version 0.21.1-1-g345015f (webtiles) character file.

105 Iko the Cudgeler (level 4, -3/28 HPs)
             Began as a Gargoyle Gladiator on May 11, 2018.
             Slain by a slave (4 damage)
             ... led by Pikel
             ... on level 4 of the Dungeon.
             The game lasted 00:09:16 (1026 turns).

Iko the Cudgeler (Gargoyle Gladiator)               Turns: 1026, Time: 00:09:16

Health: -3/28      AC:  7    Str: 18    XL:     4   Next: 83%
Magic:  4/4        EV: 11    Int:  9    God:
Gold:   67         SH:  3    Dex: 11    Spells: 3/3 levels left

rFire    . . .     SeeInvis .   a - +0 flail
rCold    . . .     Gourm    .   g - +0 buckler
rNeg     + . .     Faith    .   b - +0 leather armour
rPois    ∞         Spirit   .   c - +0 helmet
rElec    +         Reflect  .   (no cloak)
rCorr    .         Harm     .   (no gloves)
MR       .....                  (no boots)
Stlth    +.........             (no amulet)
HPRegen  0.09/turn              (no ring)
MPRegen  0.09/turn              (no ring)

@: no status effects
A: negative energy resistance 1, electricity resistance, unbreathing,
petrification resistance, rot immunity, AC +3
a: no special abilities


You were on level 4 of the Dungeon.
You were hungry.

You visited 1 branch of the dungeon, and saw 4 of its levels.

You collected 67 gold pieces.

Inventory:

Hand Weapons
 a - a +0 flail (weapon)
Armour
 b - a +0 leather armour (worn)
 c - a +0 helmet (worn)
 g - a +0 buckler (worn)
Scrolls
 d - a scroll of identify
Comestibles
 f - 4 rations


   Skills:
 + Level 3.1 Fighting
 + Level 4.3 Maces & Flails
 + Level 1.9 Throwing
 + Level 1.0 Armour
 + Level 2.8 Dodging


You had 3 spell levels left.
You didn't know any spells.

Dungeon Overview and Level Annotations

Branches:
Dungeon (4/15)
 Temple: D:4-7

Altars:

Annotations:
D:4 Pikel


Innate Abilities, Weirdness & Mutations

You are resistant to torment.
Your stone body is resilient. (AC +3)
You are immune to poison.
You resist negative energy. (rN+)
You are resistant to electric shocks. (rElec)
You can survive without breathing.
You are immune to petrification.
You are immune to rotting.


Message History

A slave comes into view.
You hit the slave but do no damage.
The slave is severely wounded.
The slave barely misses you. The slave hits you.
* * * LOW HITPOINT WARNING * * *
Pikel the Slaver comes into view.
He is wielding a whip of flaming.
You miss the slave.
The slave is severely wounded.
The slave hits you.
* * * LOW HITPOINT WARNING * * *
The slave barely misses you.
You hit the slave.
The slave is almost dead.
The slave hits you.
* * * LOW HITPOINT WARNING * * *
You closely miss the slave.
The slave is almost dead.
The slave completely misses you. The slave hits you but does no damage.
The slave hits you.
You die...

#>###......
#......... ...%....
#.# #. #..O# #.# #.
#.p.#####.# #.
#......##.# #+# #K
##..#..##.# #.#
#p###..##)##.# #.#
#p@ppO.##.##.####.#
######.......#.....
####.##.......
#.##.#.#...
#.##.#.##..
#......##..
####.####.. #.# #..
#.# #..


You could see Pikel, an ogre and 4 slaves.

Vanquished Creatures
  A worker ant (D:4)
  4 adders
  A shadow imp (D:3)
  An ooze (D:1)
  A worm (D:3)
  2 orcs
  A giant cockroach (D:3)
  4 goblins
  2 hobgoblins
  2 jackals (D:2)
  5 kobolds (D:2)
  3 bats
  2 frilled lizards
  A toadstool (D:1)
30 creatures vanquished.

Vanquished Creatures (others)
  3 toadstools (D:1)
3 creatures vanquished.

Grand Total: 33 creatures vanquished

Notes
Turn   | Place    | Note
-------+----------+-------------------------------------------
     0 | D:1      | Iko the Gargoyle Gladiator began the quest for the Orb.
     0 | D:1      | Reached XP level 1. HP: 12/12 MP: 1/1
   188 | D:1      | Reached XP level 2. HP: 15/17 MP: 2/2
   343 | D:2      | Reached XP level 3. HP: 1/22 MP: 3/3
   344 | D:2      | HP: 1/22 [jackal (1)]
   509 | D:2      | Reached skill level 4 in Maces & Flails
   599 | D:3      | Reached XP level 4. HP: 2/27 MP: 4/4
  1002 | D:4      | Reached skill level 1 in Armour
  1003 | D:4      | Noticed a slave
  1004 | D:4      | Noticed a slave
  1006 | D:4      | Noticed a slave
  1010 | D:4      | Noticed an ogre
  1023 | D:4      | Noticed a slave
  1024 | D:4      | Noticed Pikel
  1025 | D:4      | HP: 1/28 [slave[Pikel] (3)]
  1026 | D:4      | Slain by a slave

Skill      XL: |  1  2  3  4 |
---------------+-------------+-----
Maces & Flails | 4 |  4.3
Fighting       | 3 |  3.1
Armour         | 1 |  1.0
Throwing       | |  1.9
Dodging        | |  2.8

Action                   |  1- 3 |  4- 6 || total
-------------------------+-------+-------++-------
Melee: Flail             |    83 |    44 ||   127
Throw: Throwing net      |     5 |       ||     5
       Tomahawk          |       |     2 ||     2
  Use: Scroll            |     3 |       ||     3
       Potion            |     1 |       ||     1
Armor: Leather armour    |    46 |    18 ||    64
Dodge: Dodged            |    86 |    43 ||   129
